 Dungeon Crawl Stone Soup version 0.20.1-1-g8b1a95d (webtiles) character file.

113 Jannitor the Slasher (level 4, -2/35 HPs)
             Began as a Vampire Berserker on Aug 14, 2017.
             Was a Believer of Trog.
             Killed by nerve-wracking pain
             ... invoked by Grinder
              (8 damage)
             ... while paralysed by Grinder
             ... on level 3 of the Dungeon.
             The game lasted 00:04:26 (1641 turns).

Jannitor the Slasher (Vampire Berserker)            Turns: 1641, Time: 00:04:27

Health: -2/35      AC:  6    Str: 16    XL:     4   Next: 65%
Magic:  4/4        EV:  2    Int:  9    God:    Trog [**....]
Gold:   186        SH:  0    Dex: 14    Spells: 3/3 levels left

rFire    . . .     SeeInvis +   q - -1 long sword (curse)
rCold    . . .     Gourm    .   (no shield)
rNeg     . . .     Faith    .   g - +0 ring mail
rPois    .         Spirit   .   (no helmet)
rElec    .         Reflect  .   (no cloak)
rCorr    .         Harm     .   p - +0 pair of gloves
MR       .....                  (no boots)
Stlth    +.........             (no amulet)
Regen    0.4/turn               (no ring)
MPRegen  0.1/turn               (no ring)

@: paralysed, berserk cooldown, regenerating quickly, slowed
A: fangs 3, see invisible, unbreathing
a: Berserk, Trog's Hand, Burn Spellbooks, Renounce Religion


You were on level 3 of the Dungeon.
You worshipped Trog.
Trog was pleased with you.
You were full.

You visited 1 branch of the dungeon, and saw 3 of its levels.

You collected 186 gold pieces.

Inventory:

Hand Weapons
 a - a +0 falchion
 q - a cursed -1 long sword (weapon)
Missiles
 j - a throwing net (quivered)
Armour
 b - a +0 animal skin
 g - a +0 ring mail (worn)
 p - a +0 pair of gloves (worn)
Jewellery
 i - a cursed amulet of inaccuracy {unknown}
Scrolls
 d - a scroll of recharging {unknown}
 e - a scroll of immolation
 f - a scroll of identify
Potions
 c - 5 potions of blood
 h - a potion of magic
 k - a potion of brilliance {unknown}
 l - a potion of haste {unknown}
 m - 3 potions of curing {unknown}
 n - a potion of lignification {unknown}


   Skills:
 + Level 3.3 Fighting
 * Level 4.4 Long Blades
 + Level 2.1 Armour
 - Level 2.4 Dodging


You had 3 spell levels left.
You didn't know any spells.

Dungeon Overview and Level Annotations

Branches:
Dungeon (3/15)

Altars:
Trog

Annotations:
D:3 Grinder


Innate Abilities, Weirdness & Mutations

Your natural rate of healing is unusually fast.
You have razor-sharp teeth.
You have supernaturally acute eyesight. (SInv)
You can survive without breathing.


Message History

Grinder hits you.
You writhe in agony.
Grinder blinks!
Your skin stops crawling.
You feel less resistant to hostile enchantments.
Unknown command.
Grinder gestures at you. Pain shoots through your body!
You completely miss Grinder.
Grinder is heavily wounded.
Grinder gestures at you.
You suddenly lose the ability to move!
Grinder hits you.
You writhe in agony.
Grinder gestures at you. Pain shoots through your body!
* * * LOW HITPOINT WARNING * * *
Grinder gestures at you.
You shrug off the repeated paralysis!
Grinder hits you but does no damage.
Grinder blinks!
Grinder gestures at you. Pain shoots through your body!
You die...

# #.....#####
#...###
#....# #....#
##+#5...#
#.......#
#../....####
#............
#..@.........
#....#.#.####
.......#.#.#
.........#.#
.
.........#.#
#
.........#.#
###+#....#
.....#


You could see Grinder.

Vanquished Creatures
  4 gnolls (D:2)
  An adder (D:2)
  3 oozes (D:1)
  3 worms (D:2)
  A dart slug (D:2)
  A leopard gecko (D:2)
  2 giant cockroaches
  8 goblins
  3 hobgoblins
  A ball python (D:3)
  3 bats (D:1)
  2 frilled lizards
  8 kobolds
  6 rats
46 creatures vanquished.

Vanquished Creatures (others)
  A goblin (D:2)
1 creature vanquished.

Grand Total: 47 creatures vanquished

Notes
Turn   | Place    | Note
-------+----------+-------------------------------------------
     0 | D:1      | Jannitor the Vampire Berserker began the quest for the Orb.
     0 | D:1      | Reached XP level 1. HP: 17/17 MP: 1/1
   105 | D:1      | Reached XP level 2. HP: 19/23 MP: 2/2
   709 | D:2      | Reached XP level 3. HP: 28/28 MP: 3/3
   741 | D:2      | Found a bloodstained altar of Trog.
   749 | D:2      | Reached ** piety under Trog
   832 | D:2      | Found a faded altar of an unknown god.
   894 | D:2      | Reached skill level 4 in Long Blades
  1100 | D:2      | Reached XP level 4. HP: 35/35 MP: 4/4
  1615 | D:3      | Noticed Grinder
  1615 | D:3      | Paralysed by Grinder for 5 turns
  1636 | D:3      | Paralysed by Grinder for 6 turns
  1641 | D:3      | Killed from afar by Grinder

Skill      XL: |  1  2  3 |
---------------+----------+-----
Fighting       | 3 |  3.3
Long Blades    | 4 |  4.4
Armour         | 2 |  2.1
Dodging        | |  2.4

Action                   |  1- 3 |  4- 6 || total
-------------------------+-------+-------++-------
Melee: Falchion          |    74 |    12 ||    86
       Bite              |     8 |     6 ||    14
       Long sword        |       |    19 ||    19
Invok: Berserk           |     4 |     1 ||     5
       Trog's Hand       |       |     1 ||     1
  Use: Potion            |     9 |     4 ||    13
       Scroll            |       |     5 ||     5
Armor: Animal skin       |     1 |       ||     1
       Ring mail         |    27 |     8 ||    35
Dodge: Dodged            |    59 |    16 ||    75
       Rpst.: Falchion   |    25 |     2 ||    27
       Long sword        |       |     4 ||     4
